 Dungeon Crawl Stone Soup version 0.20-a0-537-g052e6ba (webtiles) character file.

9339 Kidiri the Thaumaturge (level 11, -7/61 HPs)
             Began as a Deep Elf Fire Elementalist on Jan 27, 2017.
             Was a Priest of Vehumet.
             Mangled by an orc warrior
             ... wielding a +0 trident
              (16 damage)
             ... in a bailey.
             The game lasted 00:39:03 (11991 turns).

Kidiri the Thaumaturge (DEFE)                      Turns: 11991, Time: 00:39:03

Health: -7/61      AC:  6    Str:  5    XL:     11   Next: 21%
Magic:  31/35      EV: 15    Int: 24    God:    Vehumet [***...]
Gold:   522        SH:  5    Dex: 15    Spells: 0/34 levels left

rFire    + . .     SeeInvis .   J - +4 short sword
rCold    . . .     Gourm    .   F - +1 robe of Generosity {rElec rF+}
rNeg     . . .     Faith    .   u - +0 buckler
rPois    +         Spirit   .   (no helmet)
rElec    +         Reflect  .   s - +1 cloak {rPois}
rCorr    .         Harm     +   q - +1 pair of gloves
MR       +....                  (no boots)
Stlth    ++........             f - amulet of harm
Regen    0.2/turn               (no ring)
                                E - ring of magical power

@: drained
A: talons 1, deformed body, low mp 1
a: Renounce Religion


You were in a bailey.
You worshipped Vehumet.
Vehumet was most pleased with you.
You were not hungry.

You visited 2 branches of the dungeon, and saw 12 of its levels.
You also visited: Sewer and Bailey.

You collected 677 gold pieces.
You spent 155 gold pieces at shops.

Inventory:

Hand Weapons
 i - a +3 short sword of speed
 J - a +4 short sword (weapon)
Missiles
 o - 6 exploding tomahawks (quivered)
Armour
 q - a +1 pair of gloves (worn)
 s - a +1 cloak of poison resistance (worn)
 u - a +0 buckler (worn)
 y - a +2 robe of resistance
 F - the +1 robe of Generosity (worn) {rElec rF+}
   (You took it off a wight on level 10 of the Dungeon)

   It protects you from fire.
   It insulates you from electricity.
Jewellery
 f - an amulet of harm (around neck)
 j - a +1 ring of slaying
 E - a ring of magical power (left hand)
Wands
 g - a wand of iceblast (6/15)
 C - a wand of iceblast (9/15)
 H - a wand of disintegration (0/24)
Scrolls
 e - 2 scrolls of magic mapping
 n - 6 scrolls of teleportation
 v - a scroll of fear
 B - a scroll of amnesia
 G - a scroll of blinking
 M - a scroll of brand weapon {unknown}
 N - 3 scrolls of enchant weapon
Potions
 d - a potion of beneficial mutation {unknown}
 h - a potion of ambrosia
 l - a potion of cancellation {unknown}
 m - 3 potions of might
 p - 10 potions of heal wounds {unknown}
 r - 2 potions of brilliance
 t - 2 potions of lignification {unknown}
 w - a potion of resistance
 x - 5 potions of flight
 A - 2 potions of magic
 D - a potion of experience {unknown}
 K - 2 potions of berserk rage
Books
 b - a book of Flames

   Spells                             Type                      Level
   a - Flame Tongue                   Conjuration/Fire             1
   b - Throw Flame                    Conjuration/Fire             2
   c - Conjure Flame                  Conjuration/Fire             3
   d - Inner Flame                    Hexes/Fire                   3
   e - Sticky Flame                   Conjuration/Fire             4
   f - Fireball                       Conjuration/Fire             5
 I - a book of Power

   Spells                             Type                      Level
   a - Fulminant Prism                Conjuration/Hexes            4
   b - Iskenderun's Mystic Blast      Conjuration                  4
   c - Venom Bolt                     Conjuration/Poison           5
   d - Bolt of Magma                  Conjuration/Fire/Earth       5
   e - Iron Shot                      Conjuration/Earth            6
   f - Orb of Destruction             Conjuration                  7
   g - Spellforged Servitor           Conjuration/Summoning        7
Comestibles
 c - 11 bread rations
 k - 4 meat rations


   Skills:
 + Level 4.2(4.0) Fighting
 + Level 4.8(4.6) Short Blades
 + Level 4.0(3.9) Armour
 + Level 5.9(5.7) Dodging
 - Level 2.4(2.2) Stealth
 + Level 4.1(4.0) Shields
 * Level 12.2(12.0) Spellcasting
 + Level 6.7(6.5) Conjurations
 + Level 7.3(7.1) Fire Magic
 + Level 4.0(3.8) Ice Magic
 + Level 1.0(0.9) Earth Magic
 + Level 1.9(1.7) Poison Magic
 + Level 1.3(1.1) Evocations


You couldn't memorise any spells.
You knew the following spells:

 Your Spells              Type           Power        Failure   Level  Hunger
a - Flame Tongue          Conj/Fire      #####        1%          1    None
b - Throw Flame           Conj/Fire      #####.       1%          2    None
c - Conjure Flame         Conj/Fire      #####...     1%          3    None
d - Inner Flame           Hex/Fire       ####....     1%          3    None
e - Sticky Flame          Conj/Fire      #####...     1%          4    None
f - Fireball              Conj/Fire      #####.....   2%          5    ###....
g - Freeze                Ice            ####         1%          1    None
h - Throw Frost           Conj/Ice       #####.       1%          2    None
i - Bolt of Magma         Conj/Fire/Erth #####.....   5%          5    ###....
j - Venom Bolt            Conj/Pois      ####......   7%          5    ###....
k - Ignite Poison         Fire/Tmut/Pois ####....     1%          3    None


Dungeon Overview and Level Annotations

Branches:
Dungeon (11/15)            Temple (1/1) D:6             Orc (0/2) D:10
   Lair: D:8-11

Altars:
Ashenzari
Cheibriados
Dithmenos
Elyvilon
Fedhas
Gozag
Hepliaklqana
Kikubaaqudgha
Makhleb
Nemelex Xobeh
Okawaru
Qazlal
Ru
Sif Muna
Trog
Uskayaw
Vehumet
Xom
Yredelemnul
Zin
The Shining One

Shops:
D:6 *


Innate Abilities, Weirdness & Mutations

You have sharp toenails.
Armour fits poorly on your strangely shaped body.
Your magical capacity is low. (-10% MP)


Message History

There is an open door, spattered with blood here.
Items here: ))))) [[[ The orc warrior hits you with a trident!
* * * LOW HITPOINT WARNING * * *
Things that are here:
a halberd x2; a scale mail
Okay, then.
Casting: Sticky Flame
Confirm with . or Enter, or press ? or * to list all spells.
Aiming: Sticky Flame
Press: ? - help, Shift-Dir - straight line, f - orc warrior
Aim: an orc warrior, wielding a trident and wearing a ring mail The sticky flame hits the orc warrior.
The orc warrior appears unharmed.
The orc warrior is covered in liquid flames!
The orc warrior burns!
The orc warrior hits you with a trident!
* * * LOW HITPOINT WARNING * * *
You feel better.
The orc warrior burns!
The orc warrior hits you with a trident!
You die...

#### ####### #########
...#########.....## ##.....)..
....#.....#...).))######.....))).
....'.....'....)))#...)#.....))).
....'...).'...).@)'....'.......).
....'.....'.....o)#....#.........
....#.....#.....))######.........
...#########.....## ##........
#### ####### #########


You could see an orc warrior (burning).

Vanquished Creatures
  The ghost of Theaset the Slicer, a novice DsGl of Dithmenos (Bailey)
  2 orc knights (Bailey)
  2 hippogriffs
  The ghost of Torious the Charmwright, an amateur DECj (D:5)
  A spriggan (D:8)
  5 yaks (D:9)
  A warg (D:10)
  A water moccasin (D:5)
  Duvessa (D:4)
  A sky beast (D:10)
  An ice beast (D:9)
  22 orc warriors
  A black bear (D:8)
  2 phantoms
  An eye of draining (D:5)
  2 ogres
  4 centaurs
  4 big kobolds
  6 bullfrogs
  Dowan (D:4)
  3 scorpions
  11 killer bees
  5 wights (D:10)
  A howler monkey (D:5)
  3 crimson imps
  2 quasits
  A bullfrog skeleton (D:9)
  A gnoll shaman (D:9)
  7 orc priests
  Crazy Yiuf (D:2)
  2 hounds (D:8)
  9 orc wizards
  3 iguanas
  Jessica (D:3)
  6 worker ants
  A killer bee zombie (D:5)
  2 hound zombies
  2 hound skeletons
  14 adders
  9 gnolls
  4 river rats
  2 shadow imps
  3 adder skeletons
  2 worms
  6 dart slugs
  3 leopard geckos
  57 orcs
  3 ball pythons
  8 giant cockroaches
  18 goblins
  11 hobgoblins
  23 jackals
  20 kobolds
  3 quokkas
  8 bats
  6 frilled lizards
  A leopard gecko skeleton (D:6)
  A quokka skeleton (D:6)
  9 rats
332 creatures vanquished.

Notes
Turn   | Place    | Note
-------+----------+-------------------------------------------
     0 | D:1      | Kidiri the Deep Elf Fire Elementalist began the quest for the Orb.
     0 | D:1      | Reached XP level 1. HP: 10/10 MP: 6/6
   360 | D:1      | Reached XP level 2. HP: 15/15 MP: 5/8
   366 | D:1      | Learned a level 2 spell: Throw Flame
   700 | D:1      | Reached skill level 4 in Spellcasting
   827 | D:1      | Reached XP level 3. HP: 10/19 MP: 0/10
   973 | D:1      | Learned a level 3 spell: Conjure Flame
   977 | D:1      | Learned a level 3 spell: Inner Flame
  1224 | D:2      | Found a snail-covered altar of Cheibriados.
  1229 | D:2      | Found a shattered altar of Ashenzari.
  1230 | D:2      | Found a glowing golden altar of the Shining One.
  1245 | D:2      | Found a shadowy altar of Dithmenos.
  1251 | D:2      | Found a bloodstained altar of Trog.
  1365 | D:2      | Reached XP level 4. HP: 19/24 MP: 0/12
  1683 | D:2      | Found a runed door.
  1687 | D:2      | Noticed Crazy Yiuf
  1691 | D:2      | Killed Crazy Yiuf
  1691 | D:2      | Reached skill level 5 in Spellcasting
  1739 | D:3      | Noticed Jessica
  1741 | D:3      | Killed Jessica
  1748 | D:3      | Reached XP level 5. HP: 28/28 MP: 10/15
  1754 | D:3      | Learned a level 4 spell: Sticky Flame
  2012 | D:3      | Reached skill level 6 in Spellcasting
  2756 | D:4      | Reached XP level 6. HP: 30/32 MP: 9/17
  2763 | D:4      | Learned a level 5 spell: Fireball
  2819 | D:4      | Reached skill level 7 in Spellcasting
  3055 | D:4      | Noticed Duvessa
  3055 | D:4      | Noticed Dowan
  3064 | D:4      | Killed Duvessa
  3068 | D:4      | Killed Dowan
  3068 | D:4      | Reached skill level 5 in Fire Magic
  3068 | D:4      | Reached XP level 7. HP: 36/36 MP: 11/20
  3208 | D:4      | Reached skill level 8 in Spellcasting
  3298 | D:5      | Entered Level 5 of the Dungeon
  3306 | D:5      | Noticed Torious's ghost (amateur DECj)
  3319 | D:5      | Killed Torious's ghost
  3319 | D:5      | Reached skill level 1 in Short Blades
  3651 | D:5      | Reached skill level 1 in Shields
  3664 | D:5      | Reached skill level 1 in Armour
  3708 | D:5      | Reached skill level 1 in Fighting
  3711 | D:5      | Reached XP level 8. HP: 27/43 MP: 0/22
  4076 | D:5      | Gained mutation: Armour fits poorly on your strangely shaped body. [potion of mutation]
  4076 | D:5      | Gained mutation: You are frail. (-10% HP) [potion of mutation]
  4076 | D:5      | Gained mutation: You are partially covered in iridescent scales. (AC +2) [potion of mutation]
  4077 | D:5      | Lost mutation: You are frail. (-10% HP) [potion of cure mutation]
  4077 | D:5      | Lost mutation: Armour fits poorly on your strangely shaped body. [potion of cure mutation]
  4077 | D:5      | Lost mutation: You are partially covered in iridescent scales. (AC +2) [potion of cure mutation]
  4207 | D:5      | Reached skill level 9 in Spellcasting
  4565 | D:6      | Found a glowing drain.
  4581 | Sewer    | Entered a sewer
  4747 | Sewer    | Found a glowing silver altar of Zin.
  5033 | D:6      | Found a staircase to the Ecumenical Temple.
  5062 | Temple   | Entered the Ecumenical Temple
  5299 | Temple   | Became a worshipper of Vehumet
  5411 | D:6      | Reached skill level 5 in Conjurations
  5680 | D:6      | HP: 2/44 [orc priest/nerve-wracking pain (3)]
  6144 | D:6      | Found Keafur's General Store.
  6152 | D:6      | Bought a potion of mutation for 32 gold pieces
  6152 | D:6      | Bought a scroll of blinking for 97 gold pieces
  6152 | D:6      | Bought a scroll of identify for 26 gold pieces
  6152 | D:6      | Gained mutation: You tend to lose your temper in combat. [potion of mutation]
  6152 | D:6      | Lost mutation: You tend to lose your temper in combat. [potion of mutation]
  6152 | D:6      | Gained mutation: Your body sometimes deteriorates upon taking damage. [potion of mutation]
  6254 | D:6      | Reached XP level 9. HP: 42/49 MP: 24/24
  7287 | D:8      | Reached skill level 10 in Spellcasting
  7940 | D:8      | Reached * piety under Vehumet
  7940 | D:8      | Offered knowledge of Freeze by Vehumet.
  7943 | D:8      | Learned a level 1 spell: Freeze
  8212 | D:8      | Found a hazy altar of Hepliaklqana.
  8213 | D:8      | Found a shimmering altar of Xom.
  8214 | D:8      | Noticed a spectral ugly thing
  8335 | D:9      | Reached skill level 1 in Ice Magic
  8574 | D:9      | Reached skill level 11 in Spellcasting
  8713 | D:9      | Reached XP level 10. HP: 13/56 MP: 17/27
  9181 | D:9      | Gained mutation: Your spells are a little harder to cast, but a little more powerful. [potion of mutation]
  9181 | D:9      | Gained mutation: Armour fits poorly on your strangely shaped body. [potion of mutation]
  9181 | D:9      | Lost mutation: Your spells are a little harder to cast, but a little more powerful. [potion of mutation]
  9289 | D:9      | Offered knowledge of Magic Dart by Vehumet.
  9300 | D:9      | Reached ** piety under Vehumet
  9300 | D:9      | Reached skill level 5 in Dodging
  9958 | D:10     | Entered Level 10 of the Dungeon
 10021 | D:10     | Found a sparkling altar of Nemelex Xobeh.
 10104 | D:10     | Gained mutation: Your magical capacity is low. (-10% MP) [mutagenic meat]
 10105 | D:10     | Gained mutation: You have sharp toenails. [mutagenic meat]
 10106 | D:10     | Lost mutation: Your body sometimes deteriorates upon taking damage. [mutagenic meat]
 10156 | D:10     | Offered knowledge of Throw Frost by Vehumet.
 10172 | D:10     | Found a staircase to the Orcish Mines.
 10366 | D:10     | Reached *** piety under Vehumet
 10456 | D:10     | Got a shadowed robe
 10486 | D:10     | Identified the +1 robe of Generosity {rElec rF+} (You took it off a wight on level 10 of the Dungeon)
 10508 | D:10     | Learned a level 2 spell: Throw Frost
 10514 | D:10     | Learned a level 5 spell: Bolt of Magma
 10520 | D:10     | Learned a level 5 spell: Venom Bolt
 10817 | D:11     | Found a flagged portal.
 10823 | Bailey   | Entered a bailey
 10823 | Bailey   | Noticed Theaset's ghost (novice DsGl)
 10831 | Bailey   | Offered knowledge of Ignite Poison by Vehumet.
 10873 | Bailey   | Killed Theaset's ghost
 10873 | Bailey   | Reached skill level 12 in Spellcasting
 11165 | Bailey   | Reached XP level 11. HP: 61/61 MP: 23/26
 11165 | Bailey   | Reached skill level 1 in Poison Magic
 11228 | Bailey   | Learned a level 3 spell: Ignite Poison
 11230 | Bailey   | Noticed an orc knight
 11333 | Bailey   | Killed an orc knight
 11333 | Bailey   | Reached skill level 1 in Evocations
 11408 | Bailey   | Reached **** piety under Vehumet
 11705 | Bailey   | Noticed an orc knight
 11745 | Bailey   | Killed an orc knight
 11745 | Bailey   | Reached skill level 1 in Earth Magic
 11990 | Bailey   | HP: 1/61 [orc warrior/trident (15)]
 11991 | Bailey   | Mangled by an orc warrior

Vault maps used:
D:1:      dpeg_arrival_rooms_c, minmay_misc_feat_x
D:2:      minmay_overflow_temple_star_hex, first_bread, uniq_crazy_yiuf_cottage
D:3:      cheibrodos_greedy_goblins, uniq_jessica
D:4:      uniq_duvessa
D:5:      serial_curves, eino_curves_02, eino_curves_01
D:6:      minmay_temple_entry_glassed_door, serial_shops, shop,
          portal_sewer_entry_e
D:8:      regret_index_temple_of_mockery, the_bakery, minmay_unpleasant_kobolds
D:9:      minmay_misc_feat_iff
D:10:     david_orc_1_choice, basic_altar
D:11:     dpeg_lair_monsters, enter_bailey_2
Temple:   eino_temple_water
Sewer:    sewer_kobolds
Bailey:   bailey_polearm_5, bailey

Skill      XL: |  1  2  3  4  5  6  7  8  9 10 11 |
---------------+----------------------------------+-----
Spellcasting   | 4 5 6 7 8 9 11 12 | 12.2
Conjurations   | 2 3 4 5 6 |  6.7
Fire Magic     | 4 5 6 7 |  7.3
Short Blades   | 1 2 3 4 |  4.8
Shields        | 1 2 3 4 |  4.1
Armour         | 1 2 3 4 |  4.0
Dodging        | 3 4 5 |  5.9
Fighting       | 1 2 3 4 |  4.2
Ice Magic      | 1 3 4 |  4.0
Poison Magic   | 1 |  1.9
Evocations     | 1 |  1.3
Earth Magic    | 1 |  1.0
Stealth        | |  2.4

Action                   |  1- 3 |  4- 6 |  7- 9 | 10-12 || total
-------------------------+-------+-------+-------+-------++-------
Melee: Short sword       |    24 |    88 |   210 |    82 ||   404
       Kick              |       |       |       |     8 ||     8
 Cast: Flame Tongue      |    58 |    56 |    91 |   116 ||   321
       Throw Flame       |    10 |     8 |     9 |     5 ||    32
       Inner Flame       |       |     2 |     7 |    23 ||    32
       Sticky Flame      |       |     4 |    40 |    31 ||    75
       Conjure Flame     |       |     1 |     7 |    11 ||    19
       Fireball          |       |     1 |     4 |     7 ||    12
Evoke: Wand              |       |       |       |     2 ||     2
  Use: Scroll            |     6 |     6 |    10 |     2 ||    24
       Potion            |       |       |     8 |     7 ||    15
 Stab: Sleeping          |     1 |     4 |     5 |     1 ||    11
  Eat: Chunk             |     1 |     6 |     7 |    11 ||    25
       Meat ration       |       |       |     2 |       ||     2
       Bread ration      |       |       |     1 |       ||     1
       Royal jelly       |       |       |     1 |       ||     1
       Fruit             |       |       |       |     1 ||     1
Armor: Robe              |    11 |    25 |    68 |    32 ||   136
Dodge: Dodged            |    49 |    62 |   141 |    67 ||   319
Block: Buckler           |       |       |    10 |    23 ||    33
